 Dungeon Crawl Stone Soup version 0.24.0-1-gfbc8707122 (webtiles) character file.

Game seed: 18225808294675872508, levelgen mode: deterministic

924 Ralsei the Magician (level 7, -4/36 HPs)
             Began as a Deep Elf Fire Elementalist on Oct 25, 2019.
             Slain by a water moccasin (6 damage)
             ... on level 5 of the Dungeon.
             The game lasted 00:14:23 (6132 turns).

Ralsei the Magician (Deep Elf Fire Elementalist)    Turns: 6132, Time: 00:14:24

Health: -4/36      AC:  5    Str:  5    XL:     7   Next: 84%
Magic:  12/19      EV: 13    Int: 31    God:
Gold:   154        SH:  0    Dex: 15    Spells: 5/20 levels left

rFire    . . .     SeeInvis .   b - +0 dagger
rCold    + . .     Gourm    .   (no shield)
rNeg     . . .     Faith    .   r - +2 robe {rC+}
rPois    .         Spirit   .   (no helmet)
rElec    +         Reflect  .   (no cloak)
rCorr    +         Harm     .   x - +0 pair of gloves of the Worm {*Slow rElec rCorr Int+4}
MR       .....                  (no boots)
Stlth    ++........             (no amulet)
HPRegen  0.12/turn              m - +5 ring of intelligence
MPRegen  0.16/turn              (no ring)

@: lethally poisoned (-4 -> -29), slowed, very slow
A: no striking features
a: no special abilities


You were on level 5 of the Dungeon.
You were hungry.

You visited 1 branch of the dungeon, and saw 5 of its levels.

You collected 154 gold pieces.

Inventory:

Hand Weapons
 b - a +0 dagger (weapon)
Missiles
 d - 5 javelins
 i - 5 datura-tipped darts
 k - 59 poisoned darts (quivered)
Armour
 a - a +0 robe
 r - a +2 robe of cold resistance (worn)
 x - the +0 pair of gloves of the Worm (worn) {*Slow rElec rCorr Int+4}
   (You found it on level 4 of the Dungeon)

   It affects your intelligence (+4).
   It insulates you from electricity.
   It provides partial protection from all sources of acid and corrosion.
   It may slow you when you take damage.
Jewellery
 m - a +5 ring of intelligence (left hand)
Wands
 s - a wand of random effects (17)
Scrolls
 f - 5 scrolls of identify {unknown}
 g - a scroll of remove curse {unknown}
 l - 4 scrolls of amnesia {unknown}
 n - a scroll of enchant weapon {unknown}
 p - 3 scrolls of teleportation {unknown}
 q - a scroll of blinking {unknown}
 v - 3 scrolls of random uselessness {unknown}
Potions
 e - 2 potions of curing
 h - a potion of heal wounds {unknown}
 j - a potion of flight {unknown}
 o - 2 potions of might {unknown}
 t - a potion of haste
 u - a potion of agility {unknown}
Comestibles
 c - 10 rations


   Skills:
 - Level 2.4 Dodging
 - Level 2.4 Stealth
 + Level 7.4 Spellcasting
 + Level 5.6 Conjurations
 + Level 6.5 Fire Magic


You had 5 spell levels left.
You knew the following spells:

 Your Spells              Type           Power        Failure   Level  Hunger
a - Flame Tongue          Conj/Fire      #####        1%          1    None
b - Throw Flame           Conj/Fire      #####.       1%          2    None
c - Conjure Flame         Conj/Fire      #####...     1%          3    None
d - Sticky Flame          Conj/Fire      #####...     3%          4    #......
e - Fireball              Conj/Fire      #####.....   10%         5    ####...

Your spell library contained the following spells:

 Spells                   Type           Power        Failure   Level  Hunger
 Inner Flame              Hex/Fire       ####....     3%          3    None


Dungeon Overview and Level Annotations

Branches:
Dungeon (5/15)
 Temple: D:4-7

Altars:
Xom
The Shining One

Annotations:
D:3 exclusions: downstairs and 2 orcs
D:5 3 runed translucent doors, thelollipopguild's ghost, amateur HaAK


Message History

Press: ? - help, Shift-Dir - straight line, f/p - water moccasin
Aim: a water moccasin (moderately wounded)
The flame tongue hits the water moccasin!
The water moccasin is severely wounded.
* * * LOW HITPOINT WARNING * * *
You feel very sick. The water moccasin barely misses you.
The water moccasin bites you.
* * * LOW HITPOINT WARNING * * *
You are more poisoned.
The water moccasin poisons you!
Casting: Flame Tongue (safe; 1% risk of failure)
Confirm with . or Enter, or press ? or * to list all spells.
Aiming: Flame Tongue (safe; 1% risk of failure)
Press: ? - help, Shift-Dir - straight line, f/p - water moccasin
Aim: a water moccasin (severely wounded)
The flame tongue misses the water moccasin.
* * * LOW HITPOINT WARNING * * *
You feel very sick. The water moccasin bites you.
You die...

.# ######.%. .#
###..##.....## .#
#....#P.#.#.P# .#
#.#.##KW#.#.⌠# ##
#.#.##KK#K#.P#
########....##KKKKK####.
...........#.##+++##....
.#######...#.........#
># #......##@S...#
.########...............
.##.........####.####..#
###.#####...# ... .# #
####...# ... #
#....#.#......
..#.##.##......._..
..#.........#.......
..#####.###.#....


You could see a water moccasin, a big kobold, thelollipopguild's ghost and 8
kobolds.

Vanquished Creatures
  Sigmund (D:4)
  A phantom (D:4)
  An ogre (D:4)
  A gnoll shaman (D:4)
  2 orc priests
  5 orc wizards
  2 iguanas
  3 worker ants (D:4)
  A hound skeleton (D:4)
  A worker ant zombie (D:5)
  5 adders
  5 gnolls (D:4)
  4 worms
  2 leopard geckos (D:1)
  20 orcs
  3 giant cockroaches
  4 hobgoblins
  4 jackals (D:4)
  3 quokkas
  A ball python (D:5)
  3 bats (D:3)
  2 frilled lizards
  5 goblins
  A jackal zombie (D:5)
  3 kobolds
  6 rats
89 creatures vanquished.

Vanquished Creatures (collateral kills)
  A worker ant (D:4)
1 creature vanquished.

Vanquished Creatures (others)
  A fungus (D:5)
1 creature vanquished.

Grand Total: 91 creatures vanquished

Notes
Turn   | Place    | Note
-------+----------+-------------------------------------------
     0 | D:1      | Ralsei the Deep Elf Fire Elementalist began the quest for
                  | the Orb.
     0 | D:1      | Reached XP level 1. HP: 10/10 MP: 6/6
   451 | D:1      | Reached XP level 2. HP: 15/15 MP: 6/8
   473 | D:1      | Learned a level 2 spell: Throw Flame
  1699 | D:3      | Reached XP level 3. HP: 19/19 MP: 7/10
  1738 | D:3      | Reached skill level 4 in Spellcasting
  1815 | D:3      | Found a glowing golden altar of the Shining One.
  2107 | D:3      | Reached XP level 4. HP: 22/24 MP: 1/12
  2217 | D:3      | Learned a level 3 spell: Conjure Flame
  2222 | D:3      | Learned a level 4 spell: Sticky Flame
  3042 | D:3      | Reached XP level 5. HP: 26/28 MP: 11/14
  3601 | D:3      | Reached skill level 5 in Spellcasting
  3890 | D:4      | Reached skill level 5 in Fire Magic
  4041 | D:4      | Noticed a phantom
  4254 | D:4      | Killed a phantom
  4254 | D:4      | Reached XP level 6. HP: 32/32 MP: 2/16
  4268 | D:3      | Learned a level 5 spell: Fireball
  4498 | D:4      | Reached skill level 6 in Spellcasting
  4513 | D:4      | Noticed Sigmund
  4519 | D:4      | Reached XP level 7. HP: 36/36 MP: 12/18
  4523 | D:4      | Killed Sigmund
  4523 | D:4      | Reached skill level 5 in Conjurations
  4872 | D:4      | Reached skill level 7 in Spellcasting
  5541 | D:4      | Got a pair of warped gloves
  5563 | D:4      | Identified the +0 pair of gloves of the Worm {*Slow rElec
                  | rCorr Int+4} (You found it on level 4 of the Dungeon)
  5846 | D:5      | Entered Level 5 of the Dungeon
  6079 | D:5      | Found a shimmering altar of Xom.
  6080 | D:5      | Found a runed translucent gate.
  6081 | D:5      | Found a runed translucent gate.
  6086 | D:5      | Identified the +5 whip of the Endless March {elec, rF+}
  6113 | D:5      | Found a runed translucent gate.
  6120 | D:5      | Noticed thelollipopguild's ghost (amateur HaAK)
  6132 | D:5      | Slain by a water moccasin

Levels and vault maps discovered:
D:1:      elethiomel_arrival_maze, layout_rooms
D:2:      layout_basic, first_ration
D:3:      layout_basic, tso_metal_star
D:4:      layout_basic, uniq_sigmund
D:5:      layout_loops_cross, kennysheep_mini_moat, old_standard_altar,
          gammafunk_ghost_nasty_kobolds, st_stairs_3, uniq_pikel

Skill      XL: |  1  2  3  4  5  6  7 |
---------------+----------------------+-----
Conjurations   | 2 3 4 5 |  5.6
Spellcasting   | 4 5 6 7 |  7.4
Fire Magic     | 4 5 6 |  6.5
Dodging        | |  2.4
Stealth        | |  2.4

Action                   |  1- 3 |  4- 6 |  7- 9 || total
-------------------------+-------+-------+-------++-------
Melee: Dagger            |       |     1 |     2 ||     3
Throw: Dart              |     3 |    10 |     2 ||    15
 Cast: Flame Tongue      |    50 |    70 |    50 ||   170
       Throw Flame       |     1 |    20 |     4 ||    25
       Sticky Flame      |       |     1 |     2 ||     3
       Fireball          |       |       |     4 ||     4
  Use: Potion            |       |       |     1 ||     1
 Stab: Sleeping          |       |       |     1 ||     1
  Eat: Chunk             |     3 |     8 |     5 ||    16
Armor: Robe              |     1 |     2 |       ||     3
Dodge: Dodged            |    17 |     7 |    15 ||    39
